Description

The goal is to drop banelings into their main and natural killing all their workers. The tricky part is defending after that since they will usually have a better army, if you survive that you're very far ahead.

Please don't try this against zerg. Terran is okay but drops will make you cry.

Build Order

Why is there no SALT encoding or Overwolf build?

  13    Overlord  
  17  0:55  Hatchery  
  17  1:01  Extractor  
  18  1:18  Spawning Pool  
  19    Overlord  
  20  1:54  Extractor  
      Queen x2  
  26  2:30  Evolution Chamber, Overlord  
  28    Lair  
  34    Pneumatized Carapace, Overlord  
  34    Overlord  
    3:15  Baneling Nest  
  34  4:15  Extractor  
  44  4:16  Zergling x7  
  48  4:17  Roach Warren  
  48  4:18  Overlord x2  
  52  5:00  Baneling x12, Adrenal Overload x3  
    5:45  Roach x13  
Spawning Tool Build Advisor. Get it on Overwolf

Go to:

Details

  • Created by: ISavantI
  • Published on: May 01, 2020
  • Modified on: May 08, 2020
  • Patch: 4.11.0
Show

Export as new Build Order

Comments (0)

There are no comments. Be the first!

Create an account to comment!